 Dungeon Crawl Stone Soup version 0.21.0-3-g78d12a8 (webtiles) character file.

25 unrecovered the Magician (level 2, -3/19 HPs)
             Began as a Demonspawn Wizard on Jan 10, 2018.
             Slain by Sigmund
             ... wielding a +3 scythe of protection
              (13 damage)
             ... on level 2 of the Dungeon.
             The game lasted 00:05:20 (1069 turns).

unrecovered the Magician (Demonspawn Wizard)        Turns: 1069, Time: 00:05:21

Health: -3/19      AC:  5    Str:  7    XL:     2   Next: 86%
Magic:  2/6        EV: 12    Int: 19    God:
Gold:   63         SH:  0    Dex: 11    Spells: 2/7 levels left

rFire    . . .     SeeInvis .   n - +1 hand axe (elec)
rCold    . . .     Gourm    .   (no shield)
rNeg     . . .     Faith    .   a - +0 robe
rPois    .         Spirit   .   b - +0 hat
rElec    .         Reflect  .   j - +0 cloak
rCorr    .         Harm     .   (no gloves)
MR       .....                  (no boots)
Stlth    ++........             (no amulet)
HPRegen  0.06/turn              e - ring of wizardry
MPRegen  0.10/turn              (no ring)

@: very slightly contaminated
A: icy blue scales 1
a: no special abilities


You were on level 2 of the Dungeon.
You were hungry.

You visited 1 branch of the dungeon, and saw 2 of its levels.

You collected 63 gold pieces.

Inventory:

Hand Weapons
 h - a +0 dagger
 n - a +1 hand axe of electrocution (weapon)
Armour
 a - a +0 robe (worn)
 b - a +0 hat (worn)
 j - a +0 cloak (worn)
Jewellery
 e - a ring of wizardry (left hand)
Scrolls
 i - a scroll of enchant armour {unknown}
 k - a scroll of immolation {unknown}
 l - 2 scrolls of identify {unknown}
Potions
 o - a potion of haste
Books
 c - a book of Minor Magic

   Spells                             Type                      Level
   a - Magic Dart                     Conjuration                  1
   b - Blink                          Translocation                2
   c - Call Imp                       Summoning                    2
   d - Slow                           Hexes                        2
   e - Conjure Flame                  Conjuration/Fire             3
   f - Mephitic Cloud                 Conjuration/Poison/Air       3
Comestibles
 d - 3 rations
 m - a chunk of flesh


   Skills:
 + Level 2.1 Dodging
 + Level 2.2 Stealth
 + Level 3.2 Spellcasting
 + Level 1.6 Conjurations
 - Level 1.0 Summonings
 - Level 0.8 Translocations


You had 2 spell levels left.
You knew the following spells:

 Your Spells              Type           Power        Failure   Level  Hunger
a - Magic Dart            Conj           #...         3%          1    None
b - Blink                 Tloc           N/A          6%          2    ##.....
c - Call Imp              Summ           #.......     6%          2    ##.....


Dungeon Overview and Level Annotations

Branches:
Dungeon (2/15)

Altars:

Annotations:
D:2 Sigmund


Innate Abilities, Weirdness & Mutations

You are partially covered in icy blue scales. (AC +2)


Message History

You hear some strange, mumbled words.
You are confused.
Unknown command.
Something hits you but does no damage.
You are feeling hungry.
Something hits you but does no damage. Something hits you but does no damage.
Something hits you but does no damage.
You feel less wooden.
Your +0 cloak unmelds from your body.
Your +0 hat unmelds from your body.
Your +0 robe unmelds from your body.
You feel less confused.
You hear some strange, mumbled words.
Something tries to affect you, but you resist.
Your crimson imp disappears in a puff of smoke!
You hear some strange, mumbled words.
Something tries to affect you, but you resist.
Something hits you!
Ouch! That really hurt!
You die...

#.#..# .#... ...##
... #.# ###.##.###
#.§........
#########.#.#.....#
#......@..#.#[?....
##.########.# ....#
#.# .†# ..... #.#
... ...# #.# ...
.... #.# .. #.# #.#
#.#


There were no monsters in sight!

Vanquished Creatures
  3 dart slugs (D:1)
  A leopard gecko (D:1)
  5 bats (D:1)
  A giant cockroach (D:1)
  3 goblins (D:1)
  3 frilled lizards
  2 kobolds (D:1)
  A rat (D:1)
19 creatures vanquished.

Vanquished Creatures (collateral kills)
  A dart slug (D:2)
1 creature vanquished.

Grand Total: 20 creatures vanquished

Notes
Turn   | Place    | Note
-------+----------+-------------------------------------------
     0 | D:1      | unrecovered the Demonspawn Wizard began the quest for the Orb.
     0 | D:1      | Reached XP level 1. HP: 13/13 MP: 4/4
   145 | D:1      | Gained mutation: You are partially covered in icy blue scales. (AC +2) [demonic ancestry]
   145 | D:1      | Reached XP level 2. HP: 19/19 MP: 0/6
   156 | D:1      | Learned a level 2 spell: Blink
   159 | D:1      | Learned a level 2 spell: Call Imp
  1031 | D:2      | Noticed Sigmund
  1069 | D:2      | Slain by Sigmund

Skill      XL: |  1 |
---------------+----+-----
Stealth        | 2 |  2.2
Dodging        | 2 |  2.1
Spellcasting   | |  3.2
Conjurations   | |  1.6
Summonings     | |  1.0
Translocations | |  0.8

Action                   || total
-------------------------++-------
Melee: Unarmed           ||     3
       Hand axe          ||    16
       Dagger            ||    10
 Cast: Magic Dart        ||    35
       Call Imp          ||     2
       Blink             ||     1
  Use: Potion            ||     2
 Stab: Sleeping          ||     1
Armor: Skin              ||    22
       Robe              ||     8
Dodge: Dodged            ||    23
